← All builds
Pond / Armada / Economy first / OBSERVED BUILD

Seeker hover raid

Pond rushes a Hovercraft Platform by 3:21 and sends Seeker hovercraft raiding from around 4:04, reaching the enemy base in a large share of its games.

#raid #amphibious · 20 distinct matches · 9 players · 2% of Armada Pond games · team won 50% of 20 · Recently observed

THE CATCH, AND WHAT COMES WITH IT
  • SeekerHover raid from 4:04 · 2% of role by thenFrom the Hovercraft Platform. Only 2% of Pond games have it by then; others who build it get it around 4:22
  • Hovercraft PlatformHovercraft Platform in 95%2% of all Pond games by then
  • SeekerSeeker in 65%2% of all Pond games by then

Where those units first fight, in 20 games with kill data: in the middle 60%, on their own side 20%, in the enemy base 20%.

Those units destroy a typical 1,411 metal of enemy units by 15:00.

HOW TO PLAY IT

Key timing: Hovercraft Platform by 3:21

  1. Open tidals and mex, skip lab for now, boost eco hard.
  2. Rush a Hovercraft Platform straight off early mex and tidal.
  3. Send first Seeker hovercraft raiding toward the enemy base.
  4. Add more mex and wind while Seekers keep raiding.
  5. Transition into advanced mex and a bot lab for standard play.

Phase by phase

TYPICAL OF ITS 20 GAMES · AGAINST STANDARD POND
  1. 1
  2. 2
  3. 3
PLAY THE OPENING

Follow the example game's first 6:00 step by step: what to build now, what comes next, and where it goes. At 1× it keeps pace with your own game.

  1. 1

    Up to the Hover raid

    Economy
    • Metal Extractor4Mex
    • Tidal Generator6Tidalfor allies−2 vs standard
    • Wind Turbine6Wind
    • Tidal Generator2Tidal
    • Energy Storage1Energy storage
    Order
    1. Hovercraft PlatformHovercraft Platform after 4 mex, 5 wind, 2 tidal
    2. SeekerHover raid after 4 mex, 6 wind, 2 tidal

    Some games also: con hovercraft (40%)

    By 4:02 in all: 4 mex · 6 wind · 2 tidal · 1 energy storage

    The example game in this phase · 10 steps
    1. Mex ×3
    2. Wind ×2
    3. SentrySentry
    4. Mex
    5. Wind
    6. Energy storage
    7. Wind
    8. Hovercraft PlatformHovercraft Platformdone 2:19 · typical 3:50
    9. Wind
    10. SeekerSeekerdone 2:26
  2. 2

    Hover raid to Bot Lab

    Economy
    • Wind Turbine10Wind
    Order
    1. Bot LabBot Lab after 4 mex, 23 wind, 2 tidaldone ~8:09, middle half 5:27–11:05
    Builders
    • Construction Turret1 Con turret
    Army
    • Seeker16 Seeker +16 vs standard

    Some games also: con hovercraft (35%)

    The standard build makes here, this one skips: 2 converter

    By 7:40 in all: 4 mex · 17 wind · 2 tidal · 1 energy storage · 1 con turret

    The example game in this phase · 113 steps
    1. SeekerSeeker ×3
    2. Wind ×2
    3. SeekerSeeker
    4. Wind ×2
    5. SeekerSeeker
    6. Wind ×2
    7. SeekerSeeker
    8. Wind
    9. SeekerSeeker
    10. Wind ×2
    11. SeekerSeeker
    12. Wind ×2
    13. SeekerSeeker ×8
    14. Construction HovercraftCon hovercraft
    15. PossumPossum
    16. SeekerSeeker ×16
    17. Construction HovercraftCon hovercraft ×2
    18. SeekerSeeker ×2
    19. Radar TowerRadar Tower
    20. SeekerSeeker
    21. SentrySentry
    22. SeekerSeeker ×3
    23. Radar TowerRadar Tower
    24. SeekerSeeker ×3
    25. Wind
    26. SentrySentry
    27. SeekerSeeker
    28. Wind
    29. SeekerSeeker
    30. Wind
    31. Mex
    32. SeekerSeeker
    33. Wind
    34. SeekerSeeker
    35. Converter
    36. Wind ×2
    37. Converter
    38. SeekerSeeker
    39. Wind ×2
    40. Converter
    41. Mex
    42. SeekerSeeker
    43. Converter
    44. Wind ×2
    45. SeekerSeeker
    46. Wind ×2
    47. SeekerSeeker ×2
    48. Wind ×2
    49. SeekerSeeker
    50. Wind
    51. PossumPossum
    52. Wind
    53. PossumPossum
    54. Con turret
    55. Wind
    56. SeekerSeeker
    57. Wind
    58. SeekerSeeker
    59. Wind
    60. SeekerSeeker ×2
    61. Wind
    62. SeekerSeeker
    63. Wind
    64. SeekerSeeker
    65. Wind
    66. Converter
    67. SeekerSeeker
    68. Wind
    69. Radar TowerRadar Tower
    70. Converter
    71. Wind
    72. SeekerSeeker
    73. Converter
    74. Wind
    75. SeekerSeeker
    76. Wind
    77. Converter
    78. Wind
    79. SeekerSeeker
    80. Wind ×2
    81. Converter
    82. Wind ×3
    83. SeekerSeeker
    84. Wind ×3
    85. SeekerSeeker
    86. Energy storage
    87. Wind ×2
    88. SeekerSeeker
    89. Wind
    90. Energy storage
    91. Converter
    92. Wind
    93. SeekerSeeker
    94. Wind ×2
    95. Converter ×2
    96. SeekerSeeker
    97. Wind ×2
    98. Converter ×2
    99. SeekerSeeker
    100. Wind
    101. Converter
    102. Wind
    103. Converter
    104. Wind
    105. SeekerSeeker
    106. Converter
    107. Wind
    108. Converter
    109. Wind
    110. Converter
    111. Wind ×2
    112. Converter ×2
    113. Bot LabBot Labdone 14:07 · typical 8:09
  3. 3

    Bot Lab to 10:00

    Some games also: wind (45%) · seeker (40%)

    The standard build makes here, this one skips: 9 wind

    By 10:00 in all: 4 mex · 27 wind · 2 tidal · 1 energy storage · 1 con turret

    The example game in this phase · 4 steps
    1. Wind
    2. Metal storage
    3. Wind ×6
    4. Construction BotCon bot ×4

Counts are medians over the build's games: half of them build more, half fewer. The example game is NotReal's (39 OS, 28/08/2026); pick another.

Team trades

IN AT LEAST 30% OF ITS GAMES

You hand over

  • Tidal Generator8 Tidal to Suicide front or Frontfirst at 0:13 · in 60% of games

You get

  • Advanced Construction Bot1 T2 con bot from Techfirst at 7:34 · in 80% of games

How it plays out

Typical game of this build against the role’s standard build, running totals by minute

  • This build
  • Standard pond

Metal produced

010k20k
0:005:0010:0015:00

metal

Enemy metal destroyed

02k4k6k
0:005:0010:0015:00

metal

Own metal lost

02k4k
0:005:0010:0015:00

metal

20 games.

Show as table
ByMetal produced: This buildMetal produced: Standard pondEnemy metal destroyed: This buildEnemy metal destroyed: Standard pondOwn metal lost: This buildOwn metal lost: Standard pond
1:001151150000
2:003082730000
3:008768170000
4:00156915100000
5:00226422310000
6:002961298535501070
7:00388238417144806690
8:004707474212571276765148
9:0054185693133320251009379
10:0066736872208728651657720
11:00765283342166331720161188
12:009075102902432368426551616
13:0010415125932432426231481966
14:0012182149142658478032672454
15:0013720174563539532436683030
WHAT THE NUMBERS SAY

Team win rate matched the standard build, but this raid destroyed and lost less metal by 15:00 despite pulling ahead in metal produced.

  • + Metal produced by 10:00 was 6694 vs 6855, close despite skipping early lab.
  • + Metal produced by 15:00 was 14035 vs 17389, but raid still landed hits.
  • − Own metal lost by 10:00 was 1443 vs 756, almost double the standard.
  • − Enemy metal destroyed by 15:00 was 3927 vs 5316, less damage than normal play.
THE EXAMPLE YOU ARE READING

NotReal

39.0 OS · 28/08/2026

Open source match ↗

0 received units
16 metal received · 4335 energy received

Allied construction assistance is unknown. Timings are observations, not a promise of solo reproducibility.

Typical milestones

Hovercraft Platform3:50Middle 50%: 3:40–4:02 · n=19
Bot Lab8:09Middle 50%: 5:27–11:05 · n=11
Advanced Metal Extractor9:20Middle 50%: 8:23–10:40 · n=14

Played most by

Rysica7games of this buildUsurpeR3games of this buildhaaven2games of this buildMrCoolPotato2games of this buildViltrum2games of this build